 Dungeon Crawl Stone Soup version 0.27-a0-909-g0721f309d1 (webtiles) character file.

Game seed: 13744011895778687457

79 Lanoc the Firebug (level 4, -4/32 HPs)
             Began as a Palentonga Fire Elementalist on Apr 8, 2021.
             Was a Follower of Sif Muna.
             Slain by an adder (5 damage)
             ... on level 3 of the Dungeon.
             The game lasted 00:04:31 (2871 turns).

Lanoc the Firebug (Palentonga Fire Elementalist)    Turns: 2871, Time: 00:04:31

Health: -4/32      AC:  4    Str: 11    XL:     4   Next: 17%
Magic:  5/7        EV: 10    Int: 17    God:    Sif Muna [*.....]
Gold:   104        SH:  0    Dex: 10    Spells: 6/7 levels left

rFire    . . .     SeeInvis +   c - +0 short sword
rCold    . . .     Faith    .   (no shield)
rNeg     . . .     Spirit   .   a - +0 robe
rPois    .         Reflect  .   (no helmet)
rElec    .         Harm     .   (no cloak)
rCorr    +         Rampage  .   (no gloves)
Will     +....                  (no barding)
Stlth    +.........             (no amulet)
HPRegen  0.10/turn              d - ring of willpower
MPRegen  0.10/turn              n - ring of resist corrosion

@: hasted, very quick
A: large, rugged brown scales 3, see invisible, deformed body, roll 1, armoured
tail
a: Rolling Charge, Renounce Religion, Channel Magic


You were on level 3 of the Dungeon.
You worshipped Sif Muna.
Sif Muna was aware of your devotion.
You visited 1 branch of the dungeon, and saw 3 of its levels.

You collected 143 gold pieces.
You spent 39 gold pieces at shops.

Inventory:

Hand Weapons
 c - a +0 short sword (weapon)
Armour
 a - a +0 robe (worn)
Jewellery
 d - a ring of willpower (left hand)
 n - a ring of resist corrosion (right hand)
Scrolls
 b - a scroll of silence {unknown}
 e - a scroll of immolation {unknown}
 f - 3 scrolls of identify {unknown}
 g - a scroll of blinking {unknown}
 h - 2 scrolls of teleportation {unknown}
 i - 3 scrolls of vulnerability {unknown}
 j - 3 scrolls of amnesia {unknown}
 k - a scroll of enchant weapon {unknown}
 p - a scroll of noise {unknown}
 r - a scroll of magic mapping {unknown}
Potions
 l - a potion of haste
 m - a potion of resistance {unknown}
 o - a potion of magic {unknown}
 q - a potion of might {unknown}


   Skills:
 + Level 2.3 Dodging
 - Level 1.2 Stealth
 - Level 2.0 Spellcasting
 - Level 0.8 Conjurations
 * Level 3.6 Fire Magic
 + Level 0.5 Invocations


You had 6 spell levels left.
You knew the following spells:

 Your Spells              Type           Power      Damage    Failure   Level
h - Foxfire               Conj/Fire      36%        2x1d5     8%          1

Your spell library contained the following spells:

 Spells                   Type           Power      Damage    Failure   Level
 Conjure Flame            Conj/Fire      9%         6-21      22%         3
 Inner Flame              Hex/Fire       7%         N/A       28%         3
 Sticky Flame             Conj/Fire      9%         2d3       58%         4
 Fireball                 Conj/Fire      4%         3d4       91%         5


Dungeon Overview and Level Annotations

Branches:
Dungeon (3/15)

Altars:
Dithmenos
Sif Muna

Shops:
D:2 [!(*


Innate Abilities, Weirdness & Mutations

You are completely covered in rugged brown scales. (AC +3, +7% HP)
You have supernaturally acute eyesight. (SInv)
Armour fits poorly on your strangely shaped body.
You can roll at nearby foes to attack.
You have a long armoured tail.


Message History

The adder is lightly wounded.
You hit the adder.
Your tail-slap misses the adder.
The adder is moderately wounded.
The foxfire hits the adder.
The adder is moderately wounded.
The adder barely misses you.
A goblin comes into view. It is wielding a +0 club.
The adder bites you but does no damage.
Casting: Foxfire (safe; 8% risk of failure)
Confirm with . or Enter, or press ? or * to list all spells.
You conjure some foxfire!
The adder bites you. x3
You hit the adder.
The adder is severely wounded.
The foxfire hits the adder.
The adder is almost dead.
The adder bites you.
You are poisoned.
The adder poisons you! The adder barely misses you.
You feel sick. The adder closely misses you. The adder bites you.
You feel sick. The adder bites you.
Casting: Foxfire (safe; 8% risk of failure)
Confirm with . or Enter, or press ? or * to list all spells.
You miscast Foxfire.
You are very lightly contaminated with residual magic.
Nothing appears to happen.
You feel sick.
You feel sick. The adder bites you.
You are more poisoned.
The adder poisons you!
You feel sick.
You feel sick.
You feel sick.
You feel sick.
You feel sick. The adder bites you.
* * * LOW HITPOINT WARNING * * *
Your magical contamination has completely faded away.
* * * LOW HITPOINT WARNING * * *
You feel sick.
You are no longer poisoned.
It was a potion of haste.
You feel yourself speed up. The adder bites you.
You die...

#.# . ###.### .#
#g....###.#
########.###.....# ....
........g# #).....#
#..#
########.###..###.#
#..# #.S....# # #..#
###S##.# #..#
########@##.# #..#
.^.......##.# #.†##
########.##.# #. #....
#.##.# #. ###.## #.##.#
#.# #..... #.##.# #.#
##..... ######.##.###.#
#......
.....(.#.#..#.###......
#..###.#..........


You could see 2 adders and a goblin.

Vanquished Creatures
  3 adders
  A worm (D:3)
  A dart slug (D:2)
  A ball python (D:1)
  5 bats
  3 endoplasms
  4 giant cockroaches
  6 goblins
  4 hobgoblins
  2 quokkas
  A frilled lizard (D:2)
  7 kobolds
  6 rats
44 creatures vanquished.

Vanquished Creatures (others)
  125 foxfires
125 creatures vanquished.

Grand Total: 169 creatures vanquished

Notes
Turn   | Place    | Note
-------+----------+-------------------------------------------
     0 | D:1      | Lanoc the Palentonga Fire Elementalist began the quest for
                  | the Orb.
     0 | D:1      | Reached XP level 1. HP: 13/13 MP: 3/3
   156 | D:1      | Reached XP level 2. HP: 1/20 MP: 1/5
   562 | D:1      | Reached skill level 3 in Fire Magic
   973 | D:2      | Found Joleb's General Store.
  1017 | D:2      | Found Conureso's Armour Emporium.
  1020 | D:2      | Found Zaor's Distillery.
  1051 | D:2      | Bought a potion of curing for 39 gold pieces
  1238 | D:2      | Reached XP level 3. HP: 25/25 MP: 2/6
  1443 | D:2      | Found Waggau's Weapon Shop.
  1623 | D:2      | Found a shadowy altar of Dithmenos.
  2263 | D:3      | Found a faded altar of an unknown god.
  2268 | D:3      | Became a worshipper of Sif Muna the Loreminder
  2268 | D:3      | Reached * piety under Sif Muna
  2379 | D:3      | HP: 1/25 [adder (2)]
  2381 | D:3      | Reached XP level 4. HP: 13/32 MP: 1/7
  2870 | D:3      | HP: 1/32 [poisoned by an adder]
  2871 | D:3      | Slain by an adder

Illustrated notes

Levels and vault maps discovered:
D:1:      dpeg_arrival_round_b, layout_basic
D:2:      layout_basic, basic_altar, serial_co_window_serial,
          co_window_of_opportunity_a, co_window_corner_a, co_window_corner_a,
          co_window_of_opportunity_a, co_window_corner_a, co_window_paths_b,
          co_window_paths_b, co_window_corner_a, co_window_paths_a,
          co_window_broadway_b, co_window_unsneaky_path_b, co_window_paths_e,
          glass_columns_a, glass_columns_c, glass_columns_b, glass_columns_b,
          serial_shops, nicolae_shop_behind_doors, shop,
          nicolae_shop_waterfront, shop
D:3:      layout_loops_ring, basic_ecumenical_altar, goddamned_bats,
          uniq_crazy_yiuf_cottage

Skill      XL: |  1  2 |
---------------+-------+-----
Fire Magic     | 3 |  3.6
Dodging        | 2 |  2.3
Stealth        | |  1.2
Spellcasting   | |  2.0
Conjurations   | |  0.8
Invocations    | |  0.5

Action                   |  1- 3 |  4- 6 || total
-------------------------+-------+-------++-------
Melee: Unarmed           |    17 |       ||    17
       Tailslap          |     2 |     1 ||     3
       Short sword       |    27 |    14 ||    41
 Cast: Foxfire           |    64 |    10 ||    74
 Abil: Rolling Charge    |     8 |       ||     8
  Use: Potion            |     1 |     1 ||     2
Armor: Robe              |    25 |    11 ||    36
Dodge: Dodged            |    32 |    15 ||    47

Table legend: (Time is in decaauts)
 A = Elapsed time spent in this place.
 B = Non-inter-level travel time spent in this place.
 C = Inter-level travel time spent in this place.
 D = Time resting spent in this place.
 E = Time spent auto-exploring this place.
 F = Levels seen in this place.
 G = Mean time per level.
                   A        B        C        D        E       F      G
               +--------+--------+--------+--------+--------+-----+--------+
         Total |   2873 |   2831 |     42 |      0 |   2498 |   3 |  957.7 |
       Dungeon |   2873 |   2831 |     42 |      0 |   2498 |   3 |  957.7 |
               +--------+--------+--------+--------+--------+-----+--------+

Top non-repeatable levels by time:
     D:2: 1155 daAuts
     D:1: 895 daAuts
     D:3: 822 daAuts
